Map: Cerulean Fall LE

Players

zanca

  • Race: Zerg Zerg
  • League: Diamond
  • Spawn Location: 1:00

Lohikäärme - Winner!

  • Race: Zerg Zerg
  • League: Diamond
  • Spawn Location: 7:00

VOD

Have the link to the VOD?

Description

Time

  • Played on: Sept. 17, 2018, 7:57 p.m.
  • Length: 8:50
Show
View Real Time Build Order
Export as new Build Order

zanca Zerg 

Build Orders: Pool First 

Get SALT Encoding   

  12  0:01  Drone  
  13  0:12  Overlord  
  13  0:20  Drone  
  14  0:31  Drone  
  14  0:32  Drone  
  14  0:34  Drone  
  17  0:46  Drone  
  18  0:50  Spawning Pool  
  18  0:54  Extractor  
  18  0:56  Drone  
  17  1:06  Drone  
  18  1:20  Drone  
  19  1:31  Drone  
  19  1:32  Hatchery  
  19  1:38  Queen  
  21  1:45  Overlord  
  21  1:54  Evolution Chamber  
  21  1:55  Spine Crawler  
  21  1:56  Zergling x2  
  21  2:02  Zergling x2  
  21  2:04  Spine Crawler  
  21  2:06  Spore Crawler  
  19  2:25  Baneling Nest  
  19  2:28  Drone x2  
  21  2:50  Zergling x2  
  22  2:52  Zergling x2  
  22  2:56  Hatchery  
  21  3:09  Baneling  
  21  3:10  Baneling x3  
  20  3:35  Baneling  
  20  3:42  Queen  
  20  3:44  Hatchery  
  21  3:52  Drone x2  
  23  3:58  Drone x2  
  23  3:59  Extractor  
  23  4:01  Drone  
  23  4:02  Drone  
  26  4:12  Roach Warren  
  26  4:16  Drone x2  
  27  4:19  Drone  
  28  4:33  Zerg Missile Weapons Level 1, Overlord  
  28  4:42  Drone  
  28  4:43  Overlord  
  29  4:54  Drone x3  
  32  5:00  Drone x2  
  34  5:09  Drone x2  
  34  5:14  Drone, Extractor  
  36  5:22  Drone x2  
  38  5:29  Drone x3  
  38  5:34  Drone x2  
  43  5:43  Overlord x2  
  43  5:51  Overlord  
  43  5:54  Overlord  
  43  6:02  Roach x3  
  43  6:03  Roach  
  51  6:06  Hatchery, Roach  
  52  6:12  Lair  
  52  6:15  Roach  
  54  6:28  Overlord  
  54  6:36  Drone x7  
  54  6:37  Extractor  
  60  6:43  Drone x3  
  60  6:45  Zerg Ground Armor Level 1  
  61  6:56  Roach x5  
  61  7:00  Drone  
  72  7:05  Ravager  
  72  7:06  Overlord  
  73  7:12  Ravager  
  75  7:21  Ravager  
  75  7:22  Roach  
  54  7:38  Roach x4  
  60  7:57  Roach  
  60  7:58  Roach x3  
  61  8:02  Roach  
  61  8:03  Roach  
  55  8:11  Roach  
  55  8:12  Roach  
  42  8:29  Roach x2  
Show
View Real Time Build Order
Export as new Build Order

Lohikäärme Zerg - Winner!

Build Orders: Pool First 

Get SALT Encoding   

  12  0:18  Spawning Pool  
  11  0:24  Drone  
  11  0:27  Drone  
  13  0:36  Overlord  
  13  0:46  Drone  
  14  1:06  Zergling x4  
  14  1:09  Zergling x2  
  17  1:20  Hatchery  
  17  1:24  Zergling x2  
  17  1:33  Zergling x2, Extractor  
  17  1:40  Zergling x2  
  17  1:46  Queen  
  20  1:53  Overlord  
  20  2:01  Zergling x2  
  20  2:24  Roach Warren  
  20  2:29  Queen  
  21  2:30  Drone  
  21  2:33  Drone  
  23  2:40  Drone  
  24  2:45  Drone  
  24  2:50  Drone  
  27  2:58  Drone  
  27  3:15  Drone x4  
  30  3:32  Roach x2  
  30  3:33  Roach  
  31  3:36  Extractor  
  30  3:47  Metabolic Boost  
  30  3:53  Drone x2  
  32  3:58  Roach  
  34  4:12  Overlord  
  34  4:18  Drone x2  
  34  4:23  Overlord  
  36  4:41  Evolution Chamber  
  36  4:43  Evolution Chamber  
  36  4:44  Lair  
  34  4:45  Queen  
  34  4:49  Drone x2  
  38  4:58  Drone x2  
  40  5:00  Drone  
  41  5:12  Zerg Missile Weapons Level 1  
  41  5:15  Zerg Ground Armor Level 1  
  41  5:18  Drone  
  42  5:27  Drone x3  
  42  5:28  Drone  
  46  5:40  Extractor  
  46  5:42  Overlord  
  45  5:43  Drone x3, Extractor  
  47  5:51  Hydralisk Den  
  47  5:53  Drone  
  47  5:55  Drone x2  
  49  6:17  Roach x4  
  49  6:18  Roach  
  59  6:20  Overlord  
  59  6:25  Overlord  
  59  6:52  Roach x2  
  59  6:53  Roach x6  
  75  6:56  Overlord  
  75  7:04  Glial Reconstitution  
  75  7:12  Drone  
  74  7:32  Roach x3  
  70  7:45  Roach x6  
  78  8:02  Roach x4  
  82  8:18  Roach x2  
  82  8:19  Overlord  
Tags
 
Add a new tag
Caveats
  • Supply blocks, unpowered buildings, or Contaminate may cause inaccurate times.
  • Supply counts are checked every 10 seconds.